 Dungeon Crawl Stone Soup version 0.29.1-15-g9cfb28693d (console) character file.

Game seed: 10890479341962921531

33 om the Magician (level 3, 0/25 HPs)
             Began as a Djinni Fire Elementalist on Mar 13, 2023.
             Slain by a jackal (3 damage)
             ... on level 2 of the Dungeon.
             The game lasted 00:02:13 (1568 turns).

om the Magician (Djinni Fire Elementalist)          Turns: 1568, Time: 00:02:13

Health: 0/25       AC:  2    Str:  7    XL:     3   Next: 47%
Gold:   93         EV: 12    Int: 16    God:
                   SH:  0    Dex: 15

rFire   + + .      SeeInvis .   b - +2 dagger (venom)
rCold   x . .      Faith    .   (no shield)
rNeg    . . .      Spirit   .   a - +0 robe
rPois   ∞          Reflect  .   (no helmet)
rElec   .          Harm     .   (no cloak)
rCorr   .          Rampage  .   (no gloves)
Will    .....                   (boots unavailable)
Stlth   ++........              (no amulet)
HPRegen 0.08/turn               (no ring)
MPRegen 0.00/turn               (no ring)

@: attractive, flying
A: sickness immunity, fire resistance 2, cold vulnerability 1, float, innate
caster, HP casting, extra vitality 1
a: no special abilities


You were on level 2 of the Dungeon.
You visited 1 branch of the dungeon, and saw 2 of its levels.

You collected 93 gold pieces.

Inventory:

Hand Weapons
 b - a +2 dagger of venom (weapon)
Armour
 a - a +0 robe (worn)
Scrolls
 c - a scroll of identify {unknown}
 d - a scroll of vulnerability {unknown}
 e - a scroll of fog {unknown}
 f - a scroll of enchant armour {unknown}
 g - 2 scrolls of teleportation {unknown}
 h - a scroll of magic mapping {unknown}


   Skills:
 + Level 0.1 Short Blades
 * Level 2.6 Dodging
 - Level 2.0 Stealth
 + Level 3.0 Spellcasting


You couldn't memorise any spells.
You knew the following spells:

 Your Spells              Type           Power      Damage    Failure   Level
a - Foxfire               Conj/Fire      48%        2x1d6     5%          1
b - Scorch                Fire           24%        2d6       9%          2
c - Conjure Flame         Conj/Fire      12%        6-21      16%         3
d - Inner Flame           Hex/Fire       12%        N/A       16%         3
e - Flame Wave            Conj/Fire      12%        2d6       47%         4
f - Freeze                Ice            48%        1d7       5%          1
Your spell library was empty.

Dungeon Overview and Level Annotations

Branches:
Dungeon (2/15)

Altars:


Innate Abilities, Weirdness & Mutations

You are immune to sickness and miasma.
You are immune to poison.
Your flesh is very heat resistant. (rF++)
You are vulnerable to cold. (rC-)
You float through the air rather than walking.
You learn spells naturally, not from books.
Your magical power is your life essence.
You have superior vitality. (+4 MHP)


Message History

You conjure some foxfire!
The foxfire hits the bat zombie.
The bat zombie is lightly damaged.
The jackal bites you but does no damage.
The hobgoblin hits you. The jackal attacks as you move away!
The jackal bites you but does no damage.
The foxfire hits the giant cockroach zombie.
The giant cockroach zombie is heavily damaged.
The bat zombie hits you. x2
You closely miss the jackal.
The jackal is moderately wounded.
The bat zombie hits you but does no damage. x2
The jackal misses you. The bat zombie hits you.
The giant cockroach zombie bites you but does no damage.
The jackal bites you but does no damage.
You barely miss the giant cockroach zombie.
The giant cockroach zombie is heavily damaged.
The bat zombie hits you. The bat zombie misses you.
The jackal completely misses you. The bat zombie closely misses you.
You hit the bat zombie.
You punch the bat zombie, but do no damage.
The bat zombie is moderately damaged.
The bat zombie closely misses you.
The bat zombie hits you but does no damage.
The jackal bites you.
* * * LOW HITPOINT WARNING * * *
The bat zombie hits you but does no damage.
The jackal bites you but does no damage.
You hit the hobgoblin but do no damage.
The hobgoblin is poisoned.
The bat zombie completely misses you.
The bat zombie hits you but does no damage.
The hobgoblin hits you.
* * * LOW HITPOINT WARNING * * *
The jackal barely misses you. The bat zombie hits you.
* * * LOW HITPOINT WARNING * * *
It was a potion of attraction.
You feel attractive to monsters. The bat zombie misses you.
The jackal bites you.
You die...

#.# #.# #####.# #.# ########
#...#.# #.# #......# #...#.#
#.# #......#
########...#.###.#####.....§.
......>.§§...........#.§.§§<#
#......§§§..##..##.#..§§§§#
##.....†.§Z.§.†.......~§§§§#
#)..Z..§§Jh@§.#.#...#..~~~§§
#.J..#...Zg...........~~~~§.
#... ####.##.##.##....~.~..#
..P. #..#.##.####.......# .#P
...#.##.#......###.# #
###.#.##.#.###..# #.#
.#.##.#.###..###.. ...#
#.#........# #.#....###..


You could see a bat zombie, a giant cockroach zombie, an endoplasm, a jackal and
a hobgoblin (very poisoned).

Vanquished Creatures
  An adder skeleton (D:2)
  2 dart slugs (D:1)
  2 ball pythons (D:1)
  An endoplasm (D:1)
  A giant cockroach (D:1)
  A goblin (D:2)
  5 hobgoblins
  3 jackals (D:2)
  A ball python zombie (D:2)
  2 bats (D:1)
  A frilled lizard (D:1)
  A giant cockroach zombie (D:2)
  A quokka skeleton (D:2)
  4 rats (D:2)
26 creatures vanquished.

Vanquished Creatures (collateral kills)
  2 foxfires (D:2)
2 creatures vanquished.

Vanquished Creatures (others)
  50 foxfires
  2 withered plants (D:2)
52 creatures vanquished.

Grand Total: 80 creatures vanquished

Notes
Turn   | Place    | Note
-------+----------+-------------------------------------------
     0 | D:1      | om the Djinni Fire Elementalist began the quest for the
                  | Orb.
     0 | D:1      | om set off with the following spells memorised: Foxfire,
                  | Scorch, Conjure Flame, Inner Flame, Flame Wave.
     0 | D:1      | Reached XP level 1. HP: 15/15 MP: 0/0
   141 | D:1      | Found a faded altar of an unknown god.
   326 | D:1      | Reached XP level 2. HP: 17/21 MP: 0/0
  1141 | D:2      | Reached XP level 3. HP: 14/25 MP: 0/0
  1141 | D:2      | Learned a level 1 spell: Freeze
  1467 | D:2      | Reached skill level 3 in Spellcasting
  1568 | D:2      | Slain by a jackal

Illustrated notes

Levels and vault maps discovered:
D:1:      heliophobic_arrival_ceremonial_halls, layout_loops_corners,
          chequers_ecumenical_altar_simple, chequers_serial_rivers_micro_a,
          minmay_misc_feat_enclosed
D:2:      layout_basic, serial_undead, serial_undead_b, serial_undead_f,
          serial_undead_b, serial_undead_e, serial_undead_a, serial_undead_a,
          st_stairs_14

Skill      XL: |  1  2  3 |
---------------+----------+-----
Stealth        | 2 |  2.0
Spellcasting   | 3 |  3.0
Short Blades   | |  0.1
Dodging        | |  2.6

Action                   || total
-------------------------++-------
Melee: Dagger            ||    35
       Punch             ||     1
 Cast: Foxfire           ||    33
       Scorch            ||     1
  Use: Potion            ||     1
Armor: Robe              ||    15
Dodge: Dodged            ||    34
